 Dungeon Crawl Stone Soup version 0.30-a0-292-g0f741e3f8e (webtiles) character file.

Game seed: 17262187388976201131

658 imvujax the Chopper (level 7, -20/60 HPs)
             Began as a Hill Orc Fighter on Oct 17, 2022.
             Was a Follower of Kikubaaqudgha.
             Demolished by an ogre
             ... wielding a +0 giant spiked club
              (30 damage)
             ... on level 4 of the Dungeon.
             The game lasted 00:37:37 (3250 turns).

imvujax the Chopper (Hill Orc Fighter)              Turns: 3250, Time: 00:37:38

Health: -20/60     AC:  7    Str: 21    XL:     7   Next: 55%
Magic:  7/7        EV:  9    Int:  8    God:    Kikubaaqudgha [*.....]
Gold:   161        SH:  4    Dex: 10    Spells: 6/6 levels left

rFire   . . .      SeeInvis .    p - +3 broad axe (venom)
rCold   . . .      Faith    .    c - +0 buckler
rNeg    . . .      Spirit   .    b - +0 scale mail
rPois   .          Reflect  .    (no helmet)
rElec   .          Harm     .    (no cloak)
rCorr   .          Rampage  .    (no gloves)
Will    .....                    (no boots)
Stlth   ..........               (no amulet)
HPRegen 0.30/turn                (no ring)
MPRegen 0.10/turn                (no ring)

@: mighty
A: no striking features
a: Renounce Religion, Unearth Wretches


You were on level 4 of the Dungeon.
You worshipped Kikubaaqudgha.
Kikubaaqudgha was aware of your devotion.
You visited 1 branch of the dungeon, and saw 4 of its levels.

You collected 171 gold pieces.
You donated 10 gold pieces to Zin.

Inventory:

Hand Weapons
 f - a +2 quarterstaff of chaos
 j - a +0 hand axe
 k - a +0 club
 l - a +0 hand axe
 m - a +0 short sword
 n - a +0 club
 p - a +3 broad axe of venom (weapon)
 q - a +0 short sword
 s - a +0 sling
 t - a +0 dagger
 u - a +0 club
 w - a +0 short sword
 x - a +0 dagger
 A - a +0 club
 B - a +0 flail
 D - a +1 morningstar of draining
 E - a +0 club
 F - a +0 club
 I - a +0 club
 J - the +1 dagger of Vexuiwk {flame, Int+5}
   (You found it on level 2 of the Dungeon)

   It burns those it strikes, dealing additional fire damage.
   Int:       It affects your intelligence (+5).
 L - a +0 club
 N - a +0 short sword
 R - a +0 club
 T - a +0 dagger
 U - a +0 long sword
 V - a +0 hammer
 W - a +0 hammer
 X - a +0 hammer
 Y - a +0 hammer
 Z - the +5 hammer "Xaosated" {vorpal, Int+4}
   (You found it on level 3 of the Dungeon)

   It inflicts extra damage upon your enemies.
   Int:       It affects your intelligence (+4).
Missiles
 i - 82 stones
 r - 6 datura-tipped darts (quivered)
Armour
 b - a +0 scale mail (worn)
 c - a +0 buckler (worn)
 g - a +0 cloak
 h - a +0 ring mail
 o - a +0 leather armour
 y - a +0 cloak
 C - a +0 scale mail
 G - a +0 robe
 K - a +0 leather armour
 M - a +0 leather armour
 O - a +0 robe
 S - a +0 scale mail
Scrolls
 a - a scroll of enchant armour {unknown}
 P - a scroll of teleportation
Potions
 v - 2 potions of flight
 z - a potion of magic
 H - 2 potions of heal wounds
 Q - a potion of brilliance {unknown}


   Skills:
 + Level 4.7 Fighting
 + Level 7.1 Axes
 * Level 2.4 Throwing
 + Level 5.1 Armour
 + Level 1.3 Dodging
 + Level 4.0 Shields


You had 6 spell levels left.
You didn't know any spells.
Your spell library contained the following spells:

 Spells                   Type           Power      Damage    Failure   Level
 Kiss of Death            Conj/Necr      0%         2d5       82%         1
 Necrotise                Necr           0%         1d4       82%         1
 Cigotuvi's Dreadful Rot  Necr/Pois/Air  0%         N/A       91%         2
 Animate Dead             Necr           0%         N/A       100%        4
 Summon Ice Beast         Ice/Summ       0%         N/A       100%        4
 Summon Mana Viper        Hex/Summ       0%         N/A       100%        5
 Monstrous Menagerie      Summ           0%         N/A       100%        7


Dungeon Overview and Level Annotations

Branches:
Dungeon (4/15)
 Temple: D:4-7

Altars:
Kikubaaqudgha
Sif Muna
Zin


Message History

You kill the adder!
Kikubaaqudgha accepts your kill. The necrophage hits you.
You feel drained. The ogre hits you with a +0 giant club!
Your life force feels restored.
You slice the ogre!!
The ogre is almost dead.
You slash the necrophage!
The necrophage hits you but does no damage.
The ogre hits you with a +0 giant club!!
* * * LOW HITPOINT WARNING * * *
You feel better. The necrophage barely misses you.
You feel very mighty all of a sudden. The necrophage closely misses you.
The ogre hits you with a +0 giant club.
* * * LOW HITPOINT WARNING * * *
You barely miss the ogre.
The ogre is almost dead.
You hit the necrophage.
The necrophage hits you but does no damage.
The ogre hits you with a +0 giant club.
* * * LOW HITPOINT WARNING * * *
The necrophage misses you.
An ogre comes into view. It is wielding a +0 giant spiked club.
You slice the necrophage!!
You destroy the necrophage!
Kikubaaqudgha accepts your kill.
You slash the ogre!
You kill the ogre!
Kikubaaqudgha accepts your kill.
You can now bring forth the wretched and dying.
Kikubaaqudgha grants you a gift!
You add the spells Kiss of Death, Necrotise, Cigotuvi's Dreadful Rot and Animate Dead to your library.
Your Axes skill increases to level 7!
The ogre barely misses you.
You slash the ogre!
The ogre is poisoned.
The ogre is moderately wounded.
The ogre hits you with a +0 giant spiked club!!
Ouch! That really hurt!
You die...
Kikubaaqudgha rasps: "You have failed me!
Welcome... death!"

.##. ...## .#. .#. .... .n
.. .#.. #.. #.###...
##.##.....# # # #
.......#.### #.#.#.# .
#..:O...# ~~~~~≈# #.#
#.#)@...# ......'
#...###.[.....# ###≈~~~~~#
#.............# #.#.#.#.##
....#...#########.########
#...........##.....#.......
########...................
####..............##
#................
#................


You could see an ogre (very poisoned).

Vanquished Creatures
  A black bear (D:4)
  2 ogres (D:4)
  A necrophage (D:4)
  A scorpion (D:4)
  Crazy Yiuf (D:3)
  Jessica (D:2)
  Terence (D:2)
  2 orc wizards (D:4)
  2 gnolls (D:4)
  6 adders
  A worm (D:3)
  2 dart slugs (D:1)
  5 orcs (D:4)
  6 endoplasms
  4 giant cockroaches
  7 hobgoblins
  3 quokkas
  7 ball pythons
  6 bats
  4 frilled lizards
  7 goblins
  9 kobolds
  8 rats
87 creatures vanquished.

Vanquished Creatures (others)
  4 fungi (D:3)
4 creatures vanquished.

Grand Total: 91 creatures vanquished

Notes
Turn   | Place    | Note
-------+----------+-------------------------------------------
     0 | D:1      | imvujax the Hill Orc Fighter began the quest for the Orb.
     0 | D:1      | Reached XP level 1. HP: 19/19 MP: 1/1
   281 | D:1      | Reached XP level 2. HP: 27/27 MP: 2/2
   341 | D:1      | Reached skill level 3 in Axes
   653 | D:1      | Reached XP level 3. HP: 26/33 MP: 3/3
   721 | D:1      | Identified a scroll of acquirement
   721 | D:1      | Acquired a +2 broad axe of venom
  1462 | D:2      | Reached skill level 4 in Axes
  1467 | D:2      | Noticed Terence
  1475 | D:2      | Killed Terence
  1476 | D:2      | Reached XP level 4. HP: 33/40 MP: 4/4
  1609 | D:2      | Noticed Jessica
  1619 | D:2      | Killed Jessica
  1620 | D:2      | Reached XP level 5. HP: 44/46 MP: 5/5
  1645 | D:2      | Identified the +1 dagger of Vexuiwk {flame, Int+5}
  2084 | D:3      | Found a glowing silver altar of Zin.
  2087 | D:3      | Became a worshipper of Zin the Law-Giver
  2087 | D:3      | Reached * piety under Zin
  2199 | D:3      | Found an ancient bone altar of Kikubaaqudgha.
  2199 | D:3      | Found a shimmering blue altar of Sif Muna.
  2213 | D:3      | Fell from the grace of Zin
  2213 | D:3      | Became a worshipper of Kikubaaqudgha
  2479 | D:3      | Found a runed translucent door.
  2481 | D:3      | Noticed Crazy Yiuf
  2483 | D:3      | Identified the +5 hammer "Xaosated" {vorpal, Int+4}
  2492 | D:3      | Killed Crazy Yiuf
  2493 | D:3      | Reached skill level 5 in Axes
  2964 | D:4      | Noticed a black bear
  2970 | D:4      | Killed a black bear
  2971 | D:4      | Reached skill level 1 in Throwing
  2971 | D:4      | Reached skill level 1 in Dodging
  2971 | D:4      | Reached XP level 6. HP: 45/53 MP: 6/6
  3032 | D:4      | Reached skill level 6 in Axes
  3054 | D:4      | Reached XP level 7. HP: 32/60 MP: 7/7
  3081 | D:4      | Reached skill level 5 in Armour
  3245 | D:4      | Reached * piety under Kikubaaqudgha
  3245 | D:4      | Received a gift from Kikubaaqudgha
  3246 | D:4      | Reached skill level 7 in Axes
  3250 | D:4      | Demolished by an ogre

Illustrated notes

Levels and vault maps discovered:
D:1:      saegor_arrival_under_anarchy, layout_loops_corners, minmay_surrounded
D:2:      layout_basic, uniq_jessica, uniq_terence
D:3:      layout_basic, grunt_temple_overflow_open, zin_statuary,
          uniq_crazy_yiuf_cottage
D:4:      layout_rooms, okawaru_altar_gauntlet_db, temple_doors_ab,
          minmay_fractal_squares_5

Skill      XL: |  1  2  3  4  5  6  7 |
---------------+----------------------+-----
Axes           | 3 4 5 6 7 |  7.1
Fighting       | 4 |  4.7
Armour         | 4 5 |  5.1
Throwing       | 1 2 |  2.4
Dodging        | 1 |  1.3
Shields        | 4 |  4.0

Action                   |  1- 3 |  4- 6 |  7- 9 || total
-------------------------+-------+-------+-------++-------
Melee: War axe           |    65 |       |       ||    65
       Broad axe         |    31 |    90 |    15 ||   136
  Use: Scroll            |     6 |     3 |       ||     9
       Potion            |       |     1 |     2 ||     3
Armor: Scale mail        |    53 |    50 |     9 ||   112
Dodge: Dodged            |    47 |    49 |     7 ||   103
Block: Buckler           |    17 |    21 |     3 ||    41

Table legend: (Time is in decaauts)
 A = Elapsed time spent in this place.
 B = Non-inter-level travel time spent in this place.
 C = Inter-level travel time spent in this place.
 D = Time resting spent in this place.
 E = Time spent auto-exploring this place.
 F = Levels seen in this place.
 G = Mean time per level.
                   A        B        C        D        E       F      G
               +--------+--------+--------+--------+--------+-----+--------+
         Total |   3314 |    928 |   2386 |      0 |    167 |   4 |  828.5 |
       Dungeon |   3314 |    928 |   2386 |      0 |    167 |   4 |  828.5 |
               +--------+--------+--------+--------+--------+-----+--------+

Top non-repeatable levels by time:
     D:1: 1333 daAuts
     D:3: 904 daAuts
     D:2: 778 daAuts
     D:4: 298 daAuts
